AoeStats
← eyupfc

Arabia

504411175Analyzed
2v2 RM · 28d ago on Sep 5, 2026· 37m 15s· 4 players
Game mode
Random Map
Map size
Medium (4 player)
Population
200
Speed
Normal
Resources
Standard
Victory
Conquest
Starting age
Dark Age
Ending age
Imperial Age
RankedLock teamsTeams togetherTeam positionsShared explorationLock speedFull tech treeHidden civsTurbo modeCheats
Victory
Defeat
🇹🇷 Tupi · Türkiye
1137
+15
🇩🇪 Armenians · Germany
1098
+17
🇮🇳 Ethiopians · India
1124
-16
🇺🇸 Magyars · United States
1124
-16
Newcramer
8:40 Loom
10:50 Feudal Age
18:56 Castle Age
17:22 Double-Bit Axe
18:57 Town Watch
19:31 Gold Mining
21:56 Fletching
26:46 Bow Saw
26:33 Stone Mining
27:44 Horse Collar
28:29 Sanctity
33:15 Bodkin Arrow
36:40 Imperial Age
34:48 Wheelbarrow
34:55 Ballistics
34:57 Fervor
35:55 Gold Shaft Mining
35:52 Pikeman
37:57 Block Printing
38:09 Illumination
37:49 Town Patrol
eyupfc
6:59 Loom
9:15 Feudal Age
9:51 Double-Bit Axe
9:28 Champi Runner
13:35 Fletching
22:39 Castle Age
21:08 Padded Archer Armor
21:00 Gold Mining
20:53 Horse Collar
22:45 Crossbowman
23:37 Bow Saw
23:23 Bodkin Arrow
26:02 Ballistics
34:02 Murder Holes
MotorTokamak
5:54 Loom
9:48 Feudal Age
10:35 Double-Bit Axe
12:41 Forging
18:21 Fletching
20:05 Padded Archer Armor
20:29 Gold Mining
21:31 Horse Collar
28:04 Castle Age
31:22 Crossbowman
BlitzbeatOntheH
6:15 Loom
9:26 Feudal Age
14:08 Fletching
21:27 Castle Age
19:47 Padded Archer Armor
20:08 Horse Collar
20:26 Double-Bit Axe
21:47 Scale Barding Armor
22:41 Bow Saw
22:35 Bodkin Arrow
23:07 Bloodlines
25:21 Chain Barding Armor
25:58 Heavy Plow
29:24 Leather Archer Armor
30:20 Husbandry
31:31 Light Cavalry
38:20 Imperial Age
37:04 Wheelbarrow
Connection lost

Rejoining the realm…

Still unreachable

The connection could not be restored.

Session expired

The server has moved on; the page needs a fresh start.